[Event "Titled Tuesday Blitz February 28 Early 2023"]
[White "Indjic, Aleksandar"]
[Black "Sadhwani, Raunak"]
[WhiteFideId "911925"]
[BlackFideId "35093487"]
[WhiteElo "2625"]
[BlackElo "2631"]
[Result "0-1"]
[Round "11"]
[TimeControl "180+2"]
[Date "2023.02.28"]
[WhiteClock "0:00:14"]
[BlackClock "0:00:30"]

1. d4 Nf6 2. Nf3 g6 3. Bg5 Bg7 4. Nbd2 O-O 5. c3 d6 6. e3 b6 7. Bd3 Bb7 8. h3 c5 9. e4 h6 10. Be3 Nc6 11. a3 e5 12. dxe5 Nxe5 13. Nxe5 dxe5 14. Qe2 Nh5 15. g3 Qf6 16. Nf3 Rad8 17. Bc2 Qe6 18. Nd2 Qc8 19. O-O-O Ba6 20. c4 Qe6 21. b3 Nf4 22. Qf1 Qf6 23. Nb1 Ne6 24. Nc3 Bb7 25. Nd5 Bxd5 26. Rxd5 Rxd5 27. cxd5 Nd4 28. Kb2 Qd6 29. Bd3 f5 30. Qc1 f4 31. Bxd4 exd4 32. g4 Be5 33. a4 f3 34. Qxh6 a6 35. Kc2 c4 36. Bxc4 Rc8 37. Kd1 b5 38. axb5 axb5 39. Bxb5 Bf4 0-1


[Site "https://www.chess.com"]

[Event "Titled Tuesday Blitz February 28 Early 2023"]
[White "Koelle, Tobias"]
[Black "Makarian, Rudik"]
[WhiteFideId "16207378"]
[BlackFideId "44105681"]
[WhiteElo "2497"]
[BlackElo "2419"]
[Result "1-0"]
[Round "11"]
[TimeControl "180+2"]
[Date "2023.02.28"]
[WhiteClock "0:00:12"]
[BlackClock "0:00:02"]

1. d4 Nf6 2. Nc3 d5 3. Bf4 c5 4. e4 Nxe4 5. Nxe4 dxe4 6. dxc5 Qa5+ 7. c3 Qxc5 8. Qa4+ Nc6 9. Qxe4 g6 10. Nf3 Bg7 11. Qe3 Qa5 12. Be2 O-O 13. O-O Bg4 14. h3 Bf5 15. Bh6 Rad8 16. Bc4 Qb6 17. Qxb6 axb6 18. Be3 Rd6 19. Bxb6 Ne5 20. Nxe5 Rxb6 21. Nf3 Rxb2 22. Nd4 Rc8 23. Nxf5 gxf5 24. Bb3 Rxc3 25. Rad1 Rc7 26. Rd8+ Bf8 27. Rfd1 e6 28. R1d3 f4 29. R3d4 Kg7 30. Rxf4 Bc5 31. Rd3 Rc6 32. Rg3+ Kf8 33. Rgf3 Rb1+ 34. Kh2 Bd6 35. g3 Bxf4 36. Rxf4 Rbc1 37. Rh4 Kg7 38. Rg4+ Kh8 39. Rf4 Rc7 40. Rb4 R1c6 41. Kg2 Rd6 42. Rf4 h6 43. h4 Kg7 44. Rg4+ Kf6 45. Rf4+ Ke7 46. Rg4 Rd2 47. Rg7 Rc5 48. g4 Re5 49. Kg3 Ree2 50. f3 Rg2+ 51. Kf4 Rgf2 52. Bc4 Rc2 53. Bb3 Rcd2 54. Bc4 Rc2 55. Ke3 Rh2 56. Bb3 Rc3+ 57. Kf4 Rxh4 58. Rg8 h5 59. Rb8 Rxg4+ 60. fxg4 hxg4 61. Rxb7+ Kf6 62. Kxg4 Rd3 63. Kf4 Rd4+ 64. Ke3 Rh4 65. Rc7 Rh7 66. Kd3 Ke5 67. a4 Rh3+ 68. Kc2 f5 69. Rc6 Kd4 70. Bxe6 Ra3 71. Rc4+ Ke5 72. Bc8 f4 73. Kb2 Rg3 74. Bb7 f3 75. Rc2 f2 76. Rxf2 Kd4 77. Rc2 Rg7 78. Bc6 Ke5 79. Bb5 Kd5 80. Kb3 Rg1 81. Kb4 Rg8 82. Bc4+ 1-0


[Site "https://www.chess.com"]

[Event "Titled Tuesday Blitz February 28 Early 2023"]
[White "Moroni, Luca Jr"]
[Black "Grigoriants, Sergey"]
[WhiteFideId "865834"]
[BlackFideId "4130804"]
[WhiteElo "2569"]
[BlackElo "2502"]
[Result "0-1"]
[Round "11"]
[TimeControl "180+2"]
[Date "2023.02.28"]
[WhiteClock "0:00:35"]
[BlackClock "0:00:14"]

1. Nc3 d5 2. d4 Nf6 3. Bf4 e6 4. e3 Bd6 5. Qf3 O-O 6. g4 c5 7. dxc5 Bxc5 8. O-O-O Qa5 9. Kb1 e5 10. Bxe5 Bxg4 11. Qg3 Nbd7 12. Bxf6 Nxf6 13. Be2 Be6 14. Nf3 Bb4 15. Rhg1 g6 16. Nb5 Ne4 17. Qh4 a6 18. Nbd4 Rac8 19. Bd3 Nc3+ 20. bxc3 Bxc3 21. Ng5 Qb4+ 22. Nb3 Qxh4 23. f4 d4 24. f5 Bxb3 25. axb3 dxe3 26. fxg6 hxg6 27. Rdf1 Bg7 28. Nf3 Qb4 29. Kc1 e2 30. Bxe2 0-1


[Site "https://www.chess.com"]

[Event "Titled Tuesday Blitz February 28 Early 2023"]
[White "Andreikin, Dmitry"]
[Black "Drygalov, Andrey"]
[WhiteFideId "4158814"]
[BlackFideId "24171735"]
[WhiteElo "2736"]
[BlackElo "2471"]
[Result "1/2-1/2"]
[Round "11"]
[TimeControl "180+2"]
[Date "2023.02.28"]
[WhiteClock "0:00:09"]
[BlackClock "0:00:11"]

1. e4 c5 2. Na3 e6 3. Nf3 a6 4. c3 Nf6 5. e5 Nd5 6. Nc2 d6 7. d4 cxd4 8. Ncxd4 Qc7 9. exd6 Bxd6 10. Bd3 O-O 11. O-O h6 12. Re1 Nd7 13. Bc2 N7f6 14. Qe2 b5 15. Ne5 Bb7 16. Bd2 Rac8 17. Rac1 Bxe5 18. Qxe5 Qxe5 19. Rxe5 Nb6 20. Bb3 Bd5 21. Re2 Nc4 22. Bf4 Rfe8 23. Rce1 Na5 24. Bc2 Nc4 25. Bb1 b4 26. cxb4 e5 27. Nf5 exf4 28. Rxe8+ Rxe8 29. Rxe8+ Nxe8 30. Ne7+ Kf8 31. Nxd5 Nxb2 32. Nxf4 Ke7 33. Kf1 Kd6 34. Ke2 Nc7 35. Nd3 Nc4 36. Nc5 Ne5 37. a3 Nc4 38. Bd3 Nxa3 39. Nxa6 Nd5 40. Kd2 Ke5 41. b5 Kd4 42. Nb8 Nc4+ 43. Bxc4 Kxc4 44. Nc6 Kxb5 45. Nd8 f6 46. Kd3 Kc5 47. Ne6+ Kd6 48. Nxg7 Nf4+ 49. Ke4 Nxg2 50. Nf5+ Ke6 51. Nxh6 Nh4 52. Kf4 Ng6+ 53. Kg4 Ne5+ 54. Kg3 f5 55. Kf4 Nd3+ 56. Ke3 Ne5 57. f4 Ng6 58. Kf3 Kf6 59. Kg3 Ne7 60. h4 Kg6 61. Ng4 fxg4 62. Kxg4 Nf5 63. h5+ Kf6 64. h6 Nxh6+ 65. Kh5 Kf5 66. Kxh6 Kxf4 1/2-1/2


[Site "https://www.chess.com"]

[Event "Titled Tuesday Blitz February 28 Early 2023"]
[White "Bharath Subramaniyam H"]
[Black "Deac, Bogdan-Daniel"]
[WhiteFideId "46634827"]
[BlackFideId "1226380"]
[WhiteElo "2395"]
[BlackElo "2649"]
[Result "0-1"]
[Round "11"]
[TimeControl "180+2"]
[Date "2023.02.28"]
[WhiteClock "0:00:02"]
[BlackClock "0:00:02"]

1. e4 c6 2. Nf3 d5 3. Nc3 dxe4 4. Nxe4 Nf6 5. Qe2 Na6 6. d3 Nxe4 7. dxe4 e5 8. g3 Be7 9. Bg2 O-O 10. O-O Qc7 11. b3 Nc5 12. Bb2 Bf6 13. h3 b6 14. Rfd1 Re8 15. Nh2 g6 16. a4 a5 17. Qe3 Bg7 18. h4 h5 19. Rd2 Ne6 20. Nf3 c5 21. c3 c4 22. bxc4 Ba6 23. Rad1 Bxc4 24. Rd7 Qc5 25. Qc1 Bb3 26. Ba3 Qc8 27. R1d3 Bxa4 28. R7d6 Qc7 29. Bh3 Nc5 30. Bxc5 Qxc5 31. Bd7 Bxd7 32. Rxd7 a4 33. Ng5 Rf8 34. R3d5 Qc8 35. Qa3 Bf6 36. Nf3 Qc4 37. R5d6 Bg7 38. Nd2 Qe2 39. Rxb6 Qd1+ 40. Kg2 Bh6 41. Rb1 Qc2 42. Rb2 Qc1 43. Nc4 Rab8 44. Ra2 Qb1 45. Nd6 Ra8 46. c4 Qb3 47. c5 Qe6 48. c6 Bc1 49. Qxc1 Qxa2 50. c7 Qe6 51. Qc6 a3 52. Rxf7 a2 53. Rxf8+ Rxf8 54. Qa6 Qf6 0-1


[Site "https://www.chess.com"]

[Event "Titled Tuesday Blitz February 28 Early 2023"]
[White "Yeletsky, Ivan"]
[Black "Sarana, Alexey"]
[WhiteFideId "24180327"]
[BlackFideId "24133795"]
[WhiteElo "2414"]
[BlackElo "2717"]
[Result "1-0"]
[Round "11"]
[TimeControl "180+2"]
[Date "2023.02.28"]
[WhiteClock "0:00:42"]
[BlackClock "0:00:23"]

1. e4 c5 2. Nf3 d6 3. c3 Nf6 4. Qc2 Qc7 5. Bc4 Qc6 6. e5 d5 7. Be2 Ng4 8. d4 g6 9. h3 Nh6 10. c4 dxc4 11. d5 Qxd5 12. Bxc4 Qc6 13. Nc3 a6 14. Qb3 Bg7 15. Bxh6 Bxh6 16. Bxf7+ Kf8 17. Bd5 Qc7 18. O-O Kg7 19. Be4 e6 20. Rad1 Nd7 21. Qxe6 Rf8 22. Nd5 Qd8 23. Qd6 Bf4 24. Nc7 Nxe5 25. Qxd8 Rxd8 26. Rxd8 Nxf3+ 27. Bxf3 Bxc7 28. Re8 Kf6 29. Rfe1 Rb8 30. Rf8+ Kg7 31. Ree8 1-0


[Site "https://www.chess.com"]

[Event "Titled Tuesday Blitz February 28 Early 2023"]
[White "Harsh Suresh"]
[Black "Tabatabaei, M. Amin"]
[WhiteFideId "45018464"]
[BlackFideId "12521213"]
[WhiteElo "2227"]
[BlackElo "2565"]
[Result "1-0"]
[Round "11"]
[TimeControl "180+2"]
[Date "2023.02.28"]
[WhiteClock "0:00:30"]
[BlackClock "0:01:47"]

1. e4 e5 2. Nf3 Nc6 3. Bb5 a6 4. Ba4 Nf6 5. O-O Nxe4 6. d4 b5 7. Bb3 d5 8. a4 b4 9. dxe5 Be6 10. a5 Nc5 11. Bf4 Be7 12. Nbd2 O-O 13. Bg3 Rb8 14. Re1 Rb5 15. Qe2 Nxa5 16. Nd4 Naxb3 17. N2xb3 Nxb3 18. cxb3 Rb6 19. Rxa6 Bc5 20. Rxb6 Bxb6 21. Nc6 Qa8 22. Nxb4 Rb8 23. Rc1 c5 24. Nd3 c4 25. bxc4 dxc4 26. Nf4 Bf5 27. Qxc4 Re8 28. Nd5 Bd8 29. Qc6 Qxc6 30. Rxc6 Be4 31. Rc5 h5 32. f3 Bf5 33. h4 g5 34. Nf6+ Bxf6 35. exf6 gxh4 36. Rxf5 hxg3 37. Rg5+ Kh7 38. Rxg3 Rb8 39. Rg7+ Kh6 40. Rxf7 Kg6 41. Rc7 Kxf6 42. Rc2 h4 43. Kh2 Rb4 44. Kh3 Kg5 45. Re2 Rb5 46. Re4 Rxb2 47. Rg4+ Kf5 48. Rxh4 Rb1 49. Rc4 Rb3 50. Kg3 Rb5 51. Rh4 Kg5 52. f4+ Kg6 53. Kg4 Rb2 54. g3 Rb4 55. Rh2 Ra4 56. Rc2 Ra6 57. Rc5 Rb6 58. Rh5 Kf6 59. Rh6+ 1-0


[Site "https://www.chess.com"]

[Event "Titled Tuesday Blitz February 28 Early 2023"]
[White "Bortnyk, Olexandr"]
[Black "Real_OceanStorm"]
[WhiteFideId "14120828"]
[WhiteElo "2734"]
[BlackElo "2777"]
[Result "1-0"]
[Round "11"]
[TimeControl "180+2"]
[Date "2023.02.28"]
[WhiteClock "0:01:00"]
[BlackClock "0:00:04"]

1. d4 Nf6 2. Nc3 d5 3. Bf4 g6 4. e3 Bg7 5. h4 O-O 6. h5 c6 7. hxg6 fxg6 8. Bd3 Bg4 9. f3 Bd7 10. g4 Na6 11. Bxa6 bxa6 12. Na4 Qc8 13. Nc5 h5 14. Qd3 Be8 15. O-O-O hxg4 16. fxg4 Nxg4 17. Nh3 Qf5 18. Qxa6 e5 19. dxe5 Nxe5 20. Ng5 Nc4 21. b3 Qf6 22. bxc4 Qb2+ 23. Kd2 Qb4+ 24. Ke2 Qxc5 25. Ne6 Qxc4+ 26. Qxc4 dxc4 27. Nxg7 1-0


[Site "https://www.chess.com"]

[Event "Titled Tuesday Blitz February 28 Early 2023"]
[White "Mikhailovsky, Vladimir"]
[Black "Timofeev, Artyom"]
[WhiteFideId "34105414"]
[BlackFideId "4140419"]
[WhiteElo "2282"]
[BlackElo "2586"]
[Result "1-0"]
[Round "11"]
[TimeControl "180+2"]
[Date "2023.02.28"]
[WhiteClock "0:00:03"]
[BlackClock "0:00:07"]

1. e4 c5 2. c3 d6 3. d4 Qc7 4. Nf3 g6 5. e5 Bg7 6. Bb5+ Bd7 7. Bxd7+ Qxd7 8. O-O cxd4 9. cxd4 dxe5 10. Nxe5 Bxe5 11. dxe5 Qxd1 12. Rxd1 Nc6 13. Bf4 f6 14. exf6 Nxf6 15. Nc3 Kf7 16. Rd2 Rad8 17. Rad1 Rxd2 18. Rxd2 Rc8 19. f3 Na5 20. Be5 Nc4 21. Re2 Nd7 22. Bd4 a6 23. Nd5 e5 24. Bc3 Rc5 25. Ne3 Nxe3 26. Rxe3 Rd5 27. Kf2 g5 28. Ke2 Ke6 29. Rd3 Rc5 30. Bd2 h6 31. Rc3 Rb5 32. b3 Nf6 33. Rc7 e4 34. Bc3 exf3+ 35. Kxf3 Nd5 36. Rc4 Rb6 37. Bd2 Rd6 38. Re4+ Kf7 39. Rd4 Ke6 40. h4 Rc6 41. hxg5 hxg5 42. Bxg5 Rc2 43. Re4+ Kd6 44. Re2 Rc3+ 45. Kg4 b5 46. Bf4+ Kd7 47. Be5 Rc1 48. Kf5 Rf1+ 49. Ke4 Nb4 50. g4 Rg1 51. Kf5 Nc6 52. Bf6 Nb4 53. g5 Nd5 54. Rd2 Kc6 55. Rc2+ Kd7 56. Rd2 Kc6 57. Kg6 Nf4+ 58. Kf7 b4 59. Rf2 Nd3 60. Rf3 Ne1 61. Rf5 Ng2 62. g6 Ne3 63. Rf3 Nd5 64. g7 1-0


[Site "https://www.chess.com"]

[Event "Titled Tuesday Blitz February 28 Early 2023"]
[White "Livaic, Leon"]
[Black "Samunenkov, Ihor"]
[WhiteFideId "14531534"]
[BlackFideId "14187086"]
[WhiteElo "2509"]
[BlackElo "2457"]
[Result "1-0"]
[Round "11"]
[TimeControl "180+2"]
[Date "2023.02.28"]
[WhiteClock "0:00:29"]
[BlackClock "0:00:02"]

1. e4 c6 2. Bc4 d5 3. Bb3 dxe4 4. Qh5 g6 5. Qh4 Nf6 6. Nc3 Nbd7 7. Nxe4 Nxe4 8. Qxe4 Nf6 9. Qe2 Bg7 10. Nf3 O-O 11. O-O c5 12. c3 Bg4 13. h3 Bxf3 14. Qxf3 Qc7 15. d3 Rad8 16. Bf4 Qc8 17. Rad1 b6 18. Rfe1 Rfe8 19. Ba4 Rf8 20. Rxe7 Nd5 21. Rxa7 Qf5 22. Bg3 Qxf3 23. gxf3 Bh6 24. Bb3 Nf4 25. Bxf4 Bxf4 26. Bc4 Rd6 27. Re1 Rf6 28. Kg2 Kg7 29. Ree7 Bc1 30. Re2 Rd8 31. a4 h5 32. a5 bxa5 33. Rxa5 Rb8 34. b3 Rc8 35. Ra7 Rd8 36. Rc7 Rf5 37. Rb7 Rf6 38. b4 cxb4 39. Rxb4 Bf4 40. Rb7 Rf8 41. Bd5 Bd6 42. d4 Rc8 43. c4 Rf4 44. Re4 Rf6 45. c5 Bf8 46. Rd7 Rf5 47. Bb7 Rb8 48. c6 Rg5+ 49. Kf1 Ra5 50. c7 Rxb7 51. c8=Q Rb1+ 52. Re1 1-0


[Site "https://www.chess.com"]

[Event "Titled Tuesday Blitz February 28 Early 2023"]
[White "Madaminov, Mukhiddin"]
[Black "Al-Tarboush, Ward"]
[WhiteFideId "14210703"]
[BlackFideId "7601450"]
[WhiteElo "2511"]
[BlackElo "2267"]
[Result "1-0"]
[Round "11"]
[TimeControl "180+2"]
[Date "2023.02.28"]
[WhiteClock "0:00:05"]
[BlackClock "0:00:02"]

1. d4 Nf6 2. Nc3 d5 3. Bf4 a6 4. e3 Bf5 5. f3 e6 6. g4 Bg6 7. h4 h6 8. Bd3 Bxd3 9. Qxd3 Bd6 10. Nge2 c5 11. O-O-O c4 12. Qd2 b5 13. e4 b4 14. Bxd6 bxc3 15. Nxc3 Qxd6 16. e5 Qc6 17. exf6 gxf6 18. Qf4 Nd7 19. Rhe1 O-O-O 20. Re3 Kb7 21. b3 Rc8 22. Kb2 Ka7 23. Rc1 Rb8 24. g5 hxg5 25. hxg5 Rhc8 26. gxf6 Nb6 27. Ka1 a5 28. a4 Ka6 29. Rb1 Rb7 30. Rb2 cxb3 31. cxb3 Nc4 32. bxc4 Rxb2 33. Kxb2 Qxc4 34. Qd6+ Rc6 35. Qa3 Qxd4 36. Re2 Rb6+ 37. Kc2 Qc4 38. Qf8 Qb3+ 39. Kd2 Rb8 40. Qd6+ Rb6 41. Qd8 Rb8 42. Qd7 Qc4 43. Nb5 Qb4+ 44. Ke3 Qc5+ 45. Kf4 Qb4+ 46. Ke5 Rb7 47. Qc6+ 1-0


[Site "https://www.chess.com"]

[Event "Titled Tuesday Blitz February 28 Early 2023"]
[White "Martynov, Pavel"]
[Black "Ahmadzada, Ahmad"]
[WhiteFideId "4101260"]
[BlackFideId "13413007"]
[WhiteElo "2314"]
[BlackElo "2388"]
[Result "1-0"]
[Round "11"]
[TimeControl "180+2"]
[Date "2023.02.28"]
[WhiteClock "0:00:34"]
[BlackClock "0:00:02"]

1. e4 d5 2. Bd3 c6 3. Qe2 Nd7 4. c3 Nc5 5. e5 Nxd3+ 6. Qxd3 g6 7. Nf3 Bg7 8. h4 Bf5 9. Qe2 Bg4 10. d4 e6 11. Nbd2 Ne7 12. Nf1 c5 13. N1h2 Bf5 14. g4 Be4 15. Qb5+ Qd7 16. Qxc5 Nc6 17. Bg5 Bd3 18. Qa3 h5 19. Rg1 Be4 20. Qa4 b5 21. Qd1 b4 22. Nd2 Bd3 23. Rg3 Bb5 24. f4 Rc8 25. Nb3 Bf8 26. Bf6 Rg8 27. f5 gxf5 28. g5 Be7 29. Qxh5 Bxf6 30. exf6 Qd6 31. Rh3 bxc3 32. bxc3 Nb8 33. Qh7 Rf8 34. g6 fxg6 35. Qxg6+ Kd8 36. Nc5 Rxc5 37. dxc5 Qe5+ 38. Kf2 Rxf6 39. Qg5 Nd7 40. Re1 Qc7 41. Rxe6 Qxc5+ 42. Rhe3 d4 43. cxd4 Qxd4 44. Nf3 Qb2+ 45. Kg3 Kc7 46. Rxf6 Nxf6 47. Qxf5 Bd7 48. Qe5+ Qxe5+ 49. Rxe5 Bc6 50. h5 Be4 51. h6 Bh7 52. Re7+ Kd6 53. Rxa7 Bb1 54. a4 Ne4+ 55. Kf4 Nf6 56. Ng5 Nd5+ 57. Kg3 Nf6 58. h7 1-0


[Site "https://www.chess.com"]

[Event "Titled Tuesday Blitz February 28 Early 2023"]
[White "Drygalov, Sergey"]
[Black "Krstulovic, Alex"]
[WhiteFideId "24171743"]
[BlackFideId "760056"]
[WhiteElo "2533"]
[BlackElo "2311"]
[Result "1-0"]
[Round "11"]
[TimeControl "180+2"]
[Date "2023.02.28"]
[WhiteClock "0:00:04"]
[BlackClock "0:00:12"]

1. d4 Nf6 2. c4 g6 3. Nc3 d5 4. cxd5 Nxd5 5. e4 Nxc3 6. bxc3 Bg7 7. Be3 c5 8. Nf3 Qa5 9. Qd2 O-O 10. Rc1 Nd7 11. d5 Nf6 12. c4 Qxd2+ 13. Nxd2 b6 14. f3 e6 15. Bd3 Nd7 16. Kf2 Ne5 17. Be2 f5 18. exf5 exd5 19. cxd5 Bxf5 20. Rhd1 Bd3 21. Bg5 Rae8 22. Bf1 h6 23. Bh4 c4 24. Nxc4 Nxc4 25. Rxd3 Nd6 26. Bg3 Rd8 27. Rc6 Ne4+ 28. Kg1 Nxg3 29. hxg3 Rf6 30. Rc7 Rfd6 31. Rxa7 Kh8 32. Kf2 Rxd5 33. Rxd5 Rxd5 34. Bc4 Rd8 35. f4 b5 36. Rxg7 Kxg7 37. Bxb5 Rd2+ 38. Kf3 Rxa2 39. g4 Kf6 40. Bd7 Ra3+ 41. Kf2 g5 42. fxg5+ Kxg5 43. g3 Ra2+ 44. Kf3 Ra3+ 45. Kf2 Kf6 46. Kg2 Ke5 47. Kh3 Ra7 48. Bf5 Kd4 49. Kh4 Ra6 50. g5 Ke5 51. Bd3 Ra4+ 52. Kh5 Ra3 53. gxh6 Rxd3 54. h7 Rd8 55. Kg6 Ke4 56. g4 Kf4 57. g5 Rd7 58. h8=Q Rd6+ 59. Kh5 1-0


[Site "https://www.chess.com"]

[Event "Titled Tuesday Blitz February 28 Early 2023"]
[White "Demin, Vladimir"]
[Black "Shimanov, Aleksandr"]
[WhiteFideId "4167457"]
[BlackFideId "4198603"]
[WhiteElo "2606"]
[BlackElo "2631"]
[Result "1/2-1/2"]
[Round "11"]
[TimeControl "180+2"]
[Date "2023.02.28"]
[WhiteClock "0:00:08"]
[BlackClock "0:00:09"]

1. e4 d5 2. exd5 Qxd5 3. Nc3 Qe5+ 4. Be2 Bg4 5. d4 Bxe2 6. Ngxe2 Qa5 7. b4 Qh5 8. O-O e6 9. Bf4 Nf6 10. Qd3 Nbd7 11. Bg3 Bxb4 12. Nb5 O-O 13. Nxc7 Rac8 14. Rab1 Be7 15. Rxb7 Qa5 16. Rfb1 Nb6 17. h3 Qxa2 18. Qb3 Qxb3 19. Rxb3 Nbd5 20. Rxa7 Rfd8 21. c4 Nxc7 22. Rxc7 Bf8 23. Rxc8 Rxc8 24. c5 Nd5 25. Nc3 Ne7 26. Bd6 Nf5 27. Bxf8 Kxf8 28. Ne2 Ra8 29. g4 Ne7 30. Nf4 Nc6 31. d5 exd5 32. Nxd5 Rd8 33. Nb6 g5 34. Rf3 Kg7 35. Kg2 Nd4 36. Rd3 Nc6 37. Rxd8 Nxd8 38. Kf3 Kf6 39. Ke4 Ke6 40. Nd5 Nc6 41. f4 gxf4 42. Nxf4+ Kd7 43. Kd5 Nb4+ 44. Kc4 Nc6 45. Kb5 f5 46. gxf5 Nd4+ 47. Kb6 Nxf5 48. c6+ Kd6 49. Nd3 Ne7 50. c7 Nd5+ 51. Kb5 Nxc7+ 52. Kc4 Ke6 53. Kd4 Kf5 54. Ke3 Ne6 55. Kf3 Ng5+ 56. Kg3 Ne4+ 57. Kf3 Nd2+ 58. Kg3 Kg5 59. Ne1 Ne4+ 60. Kf3 Nf6 61. Kg3 Nh5+ 62. Kg2 Nf4+ 63. Kg3 h6 64. Nf3+ Kf5 65. Nh4+ Ke4 66. Kg4 h5+ 67. Kg5 Nxh3+ 68. Kxh5 1/2-1/2


[Site "https://www.chess.com"]

[Event "Titled Tuesday Blitz February 28 Early 2023"]
[White "Yilmaz, Mustafa"]
[Black "Kucuksari, Kaan"]
[WhiteFideId "6302718"]
[BlackFideId "6380166"]
[WhiteElo "2523"]
[BlackElo "2364"]
[Result "0-1"]
[Round "11"]
[TimeControl "180+2"]
[Date "2023.02.28"]
[WhiteClock "0:00:07"]
[BlackClock "0:00:10"]

1. d4 f5 2. c4 Nf6 3. Nc3 e6 4. a3 b6 5. Bf4 Bb7 6. e3 Be7 7. h3 O-O 8. Nf3 Ne4 9. Rc1 d6 10. Bh2 Nd7 11. d5 Nxc3 12. Rxc3 e5 13. b4 Nf6 14. Be2 a5 15. O-O Ne4 16. Rc2 axb4 17. axb4 Ra3 18. Qc1 Qa8 19. Nd2 Nf6 20. Nb1 Ra4 21. Qb2 Ne4 22. Bd3 c5 23. dxc6 Bxc6 24. f3 Ng5 25. Nc3 Ra7 26. Nd5 Bxd5 27. cxd5 Ra3 28. Bb5 Rxe3 29. f4 Nf7 30. Rd2 Bf6 31. Bd7 exf4 32. Qc2 Rc3 33. Qxf5 Nh6 34. Qe6+ Kh8 35. Bxf4 Nf7 36. Bc6 Qd8 37. Kh2 Ne5 38. b5 Rc4 39. Rdf2 Nd3 40. Bxd6 Nxf2 41. Rxf2 Be5+ 42. Qxe5 Rxf2 43. Be7 Qg8 44. d6 Rd2 45. Bd7 Rcd4 46. Be6 Qe8 47. Bf6 Qf8 48. Be7 Qf4+ 49. Qxf4 Rxf4 50. Bg5 Rfd4 51. Bxd2 Rxd2 52. d7 g6 53. Kg3 Kg7 54. Kf4 Kf6 55. Ke3 Rd6 56. Bg4 h5 57. Bf3 Rxd7 58. h4 Ke5 59. g4 hxg4 60. Bxg4 Rd4 61. Kf3 Rd3+ 62. Kg2 Rb3 63. Bd7 Kf4 64. Kh2 Rc3 65. Kg2 Rd3 66. Be8 Kf5 67. h5 gxh5 68. Bxh5 Kf4 69. Be2 Rc3 70. Bh5 Re3 71. Kf2 Re5 72. Be2 Rc5 73. Bd3 Re5 74. Bc4 Re3 75. Be2 Ke4 76. Bf1 Kd4 77. Bg2 Re5 78. Bc6 Kc4 79. Kf3 Rxb5 80. Bxb5+ Kxb5 81. Ke3 Kc4 82. Kd2 Kb3 83. Kd3 b5 0-1


[Site "https://www.chess.com"]

[Event "Titled Tuesday Blitz February 28 Early 2023"]
[White "Zhigalko, Sergei"]
[Black "Skvortsov, Andrei"]
[WhiteFideId "13502956"]
[BlackFideId "24108600"]
[WhiteElo "2626"]
[BlackElo "2259"]
[Result "1/2-1/2"]
[Round "11"]
[TimeControl "180+2"]
[Date "2023.02.28"]
[WhiteClock "0:00:10"]
[BlackClock "0:00:13"]

1. e4 c5 2. Nf3 d6 3. d4 cxd4 4. Qxd4 a6 5. Bc4 Nc6 6. Qd3 g6 7. Nc3 Bg7 8. Bb3 Nf6 9. Bg5 O-O 10. O-O-O Qa5 11. Bd2 Qc7 12. Kb1 b5 13. h4 Bg4 14. h5 Bxh5 15. Rdg1 b4 16. Nd5 Nxd5 17. Bxd5 Bxf3 18. Qxf3 e6 19. Bb3 Nd4 20. Qh3 h5 21. g4 Nxb3 22. Qxb3 hxg4 23. Rxg4 Rfc8 24. Rgh4 a5 25. Bh6 Qc4 26. Bxg7 Qxb3 27. axb3 Kxg7 28. Rh7+ Kf6 29. R1h3 Rf8 30. f4 Ke7 31. c4 Rg8 32. Kc2 g5 33. f5 exf5 34. exf5 Kf6 35. R3h6+ Kxf5 36. Rxf7+ Kg4 37. Rxd6 Rh8 38. Rd5 Kg3 39. Rxg5+ Kh4 40. Rd5 Rhg8 41. Rf4+ Kh3 42. Rd3+ Kh2 43. Rf2+ Rg2 44. Rdd2 Rxf2 45. Rxf2+ Kg3 46. Rf7 Kg4 47. Kd3 Rd8+ 48. Ke3 Kg5 49. c5 Rd5 50. Rc7 Kf6 51. Ke4 Rd2 52. Rc6+ Ke7 53. Ra6 Rxb2 54. Kd5 Rxb3 55. Ra7+ Kd8 56. Rxa5 Rc3 57. Kd4 Kc7 58. Rb5 Rh3 59. Rb6 b3 60. Kc4 Rg3 61. Kd5 Rd3+ 62. Kc4 Rh3 63. Kd4 Rh4+ 64. Kd5 Rh5+ 65. Kc4 Rh3 66. Rxb3 Rxb3 67. Kxb3 Kc6 68. Kc4 Kc7 69. Kd5 Kd7 70. c6+ Kc7 71. Kc5 Kc8 72. Kd5 Kc7 73. Kc5 Kc8 74. Kb5 Kc7 75. Kc5 1/2-1/2


[Site "https://www.chess.com"]

[Event "Titled Tuesday Blitz February 28 Early 2023"]
[White "Galchenko, Matvey"]
[Black "Diaz Perez, Michel Alejandro"]
[WhiteFideId "24175480"]
[BlackFideId "3517179"]
[WhiteElo "2404"]
[BlackElo "2333"]
[Result "1-0"]
[Round "11"]
[TimeControl "180+2"]
[Date "2023.02.28"]
[WhiteClock "0:00:53"]
[BlackClock "0:01:09"]

1. f4 Nf6 2. Nf3 d5 3. g3 g6 4. Bg2 Bg7 5. O-O O-O 6. d3 c5 7. Nc3 Nc6 8. e4 dxe4 9. dxe4 Qxd1 10. Rxd1 Bg4 11. e5 Ne8 12. h3 Be6 13. Be3 Nb4 14. Bxc5 Na6 15. Bxe7 Nec7 16. Bxf8 Bxf8 17. Nd4 Bc5 18. Kh2 Rb8 19. Nxe6 Nxe6 20. Ne4 Bf8 21. Nf6+ Kg7 22. c3 Nac5 23. Rd2 Be7 24. Nd5 Bd8 25. Rad1 h5 26. b4 Na4 27. c4 h4 28. g4 Nb6 29. f5 Ng5 30. Nxb6 Bxb6 31. Rd7 Be3 32. e6 Bf4+ 33. Kh1 Kf6 34. exf7 Nxf7 35. fxg6 Ne5 36. Rxb7 Rc8 37. c5 Nxg6 38. Rxa7 Be5 39. Ra6+ Kg5 40. Rd5 Re8 41. Rd1 Nf4 42. Re1 Nd3 43. Re3 Rd8 44. Bf1 Nf2+ 45. Kg2 Kf4 46. Rf3+ Ke4 47. Rxf2 1-0


[Site "https://www.chess.com"]

[Event "Titled Tuesday Blitz February 28 Early 2023"]
[White "Molina, Roberto Junio Brito"]
[Black "Tan, Jun Ying"]
[WhiteFideId "2109450"]
[BlackFideId "5710413"]
[WhiteElo "2376"]
[BlackElo "2089"]
[Result "1-0"]
[Round "11"]
[TimeControl "180+2"]
[Date "2023.02.28"]
[WhiteClock "0:00:20"]
[BlackClock "0:00:18"]

1. e4 c5 2. Nf3 d6 3. d4 cxd4 4. Nxd4 Nf6 5. Nc3 Nc6 6. Bg5 e6 7. Qd2 a6 8. O-O-O h6 9. Be3 Be7 10. Be2 Nxd4 11. Bxd4 b5 12. Bd3 Bb7 13. f3 Rc8 14. Kb1 O-O 15. g4 b4 16. Ne2 e5 17. Be3 d5 18. Ng3 dxe4 19. Nxe4 Nxe4 20. fxe4 Bg5 21. Bxg5 Qxg5 22. Qxb4 Rb8 23. Qd2 Qxg4 24. Rhg1 Qf4 25. Qg2 g6 26. Rdf1 Qh4 27. Rxf7 Kxf7 28. Qxg6+ Ke7 29. Qg7+ Ke8 30. Qxe5+ Qe7 31. Qxb8+ Kf7 32. Bc4+ Kf6 33. Qf4# 1-0


[Site "https://www.chess.com"]

[Event "Titled Tuesday Blitz February 28 Early 2023"]
[White "Kilic, Eray"]
[Black "Arabidze, Meri"]
[WhiteFideId "44517173"]
[BlackFideId "13604040"]
[WhiteElo "2328"]
[BlackElo "2405"]
[Result "1-0"]
[Round "11"]
[TimeControl "180+2"]
[Date "2023.02.28"]
[WhiteClock "0:00:25"]
[BlackClock "0:00:07"]

1. d4 Nf6 2. Nc3 d5 3. Bf4 a6 4. e3 e6 5. g4 Bd6 6. g5 Nfd7 7. Qg4 Nb6 8. Qg3 Nc6 9. Nf3 Bxf4 10. Qxf4 Qd6 11. Qh4 Ne7 12. Bd3 Nd7 13. O-O-O c5 14. e4 c4 15. Be2 b5 16. exd5 exd5 17. Ne5 O-O 18. f4 Nf5 19. Qf2 Nb6 20. Bf3 b4 21. Ne2 c3 22. b3 a5 23. a4 bxa3 24. Kb1 a4 25. Ka2 axb3+ 26. cxb3 Be6 27. Nxc3 Qb4 28. Rd3 Rfc8 29. Rc1 Nd6 30. f5 Bxf5 31. Re3 Qxd4 32. Nc6 Qf4 33. Ne7+ Kh8 34. Nxc8 Rxc8 35. Ne2 1-0


[Site "https://www.chess.com"]

[Event "Titled Tuesday Blitz February 28 Early 2023"]
[White "Fiorito, Joaquin"]
[Black "Postny, Evgeny"]
[WhiteFideId "180173"]
[BlackFideId "2804344"]
[WhiteElo "2157"]
[BlackElo "2509"]
[Result "1-0"]
[Round "11"]
[TimeControl "180+2"]
[Date "2023.02.28"]
[WhiteClock "0:00:08"]
[BlackClock "0:00:03"]

1. d4 Nf6 2. Nc3 c5 3. d5 g6 4. e4 d6 5. Nf3 Bg7 6. Bc4 Bg4 7. h3 Bxf3 8. Qxf3 O-O 9. O-O Na6 10. h4 h5 11. a4 Nb4 12. Qe2 Ng4 13. g3 Rb8 14. Bf4 Ne5 15. Nd1 Qc8 16. c3 Na6 17. Kg2 Nc7 18. Ne3 b6 19. Bxe5 Bxe5 20. Bb5 Ne8 21. Bc6 Bg7 22. Rac1 Nf6 23. f3 Bh6 24. b4 Nd7 25. f4 Nf6 26. e5 dxe5 27. fxe5 Ng4 28. Nxg4 Bxc1 29. Nh2 Bh6 30. b5 Qc7 31. Qe4 f5 32. exf6 exf6 33. Qxg6+ Qg7 34. Qxh5 f5 35. d6 Rf6 36. d7 Rd6 37. Qxf5 Rd2+ 38. Kh3 Rf8 39. Qe6+ Kh8 40. Rxf8+ Qxf8 41. Qe5+ Bg7 42. Qh5+ Bh6 43. Qg6 Rd6 44. Qe4 Bg7 45. Qe2 Kg8 46. Ng4 Kh8 47. Qe8 Rd2 48. Ne5 Kh7 49. Be4+ Kh8 50. Ng6+ 1-0


[Site "https://www.chess.com"]